 Dungeon Sprint DCSS version 0.29.1-14-g9c671dbff4 (webtiles) character file.

Game seed: 4689883971198864330

1267 Groucho the Imperceptible (level 8, -13/31 HPs)
             Began as a Felid Enchanter on Feb 18, 2023.
             Was a Priest of Dithmenos.
             Mangled by a kraken (44 damage)
             ... in the Dungeon (Sprint II: "The Violet Keep of Menkaure").
             The game lasted 00:06:43 (1209 turns).

Groucho the Imperceptible (Felid Enchanter)         Turns: 1209, Time: 00:06:44

Health: -13/31     AC:  2    Str:  8    XL:     8   Next: 28%
Magic:  23/23      EV: 17    Int: 17    God:    Dithmenos [***...]
Gold:   560        SH:  0    Dex: 17    Spells: 23/28 levels left
                                        Lives:  0   Deaths: 2

rFire   . . .      SeeInvis +     - Unarmed
rCold   . . .      Faith    .   (shield unavailable)
rNeg    . . .      Spirit   .   (body armour unavailable)
rPois   +          Reflect  .   (helmet unavailable)
rElec   .          Harm     .   (cloak unavailable)
rCorr   .          Rampage  .   (gloves unavailable)
Will    ++...      NoTele   +   (boots unavailable) Stlth *+++++++++
                                (no amulet)
HPRegen 0.10/turn               c - ring of Dishonesty {Fly Will+}
MPRegen 0.18/turn               d - ring of poison resistance

@: flying, wreathed by umbra, quick
A: very small, claws 1, fangs 3, see invisible, speed 1, shaggy fur 2, stealthy
paws, no weapons or thrown items, no armour, multi-lived
a: Renounce Religion, Shadow Step


You were in the Dungeon.
You worshipped Dithmenos.
Dithmenos was most pleased with you.
You visited 1 branch You collected 1201 gold pieces.
You spent 641 gold pieces at shops.

Inventory:

Jewellery
 c - the ring of Dishonesty (left paw) {Fly Will+}
   (You bought it in a shop in the Dungeon)

   [ring of flight]

   Fly:       It grants you flight.
   Will:      It increases your willpower.
 d - a ring of poison resistance (right paw)
Scrolls
 a - a scroll of immolation {unknown}
 g - 8 scrolls of identify {unknown}
 l - 3 scrolls of amnesia {unknown}
 m - a scroll of enchant armour {unknown}
 n - a scroll of magic mapping {unknown}
Potions
 b - 2 potions of haste
 e - 2 potions of magic
 f - a potion of berserk rage
 h - a potion of invisibility
 i - a potion of degeneration {unknown}
 j - 4 potions of flight {unknown}
 k - 3 potions of resistance {unknown}
 o - a potion of lignification {unknown}
 p - 2 potions of mutation {unknown}
 q - a potion of curing


   Skills:
 - Level 2.6 Dodging
 * Level 21.5 Stealth
 + Level 11.2 Unarmed Combat
 + Level 10.5 Spellcasting
 + Level 16.0 Hexes


You had 23 spell levels left.
You knew the following spells:

 Your Spells              Type           Power      Damage    Failure   Level
a - Ensorcelled Hibernat  Hex/Ice        72%        N/A       1%          2
b - Confusing Touch       Hex            59%        N/A       1%          3

Your spell library contained the following spells:

 Spells                   Type           Power      Damage    Failure   Level
 Dazzling Flash           Conj/Hex       72%        N/A       1%          3
 Tukima's Dance           Hex            59%        N/A       1%          3
 Apportation              Tloc           16%        N/A       9%          1
 Beastly Appendage        Tmut           16%        N/A       9%          1
 Necrotise                Necr           32%        1d5       9%          1
 Summon Small Mammal      Summ           32%        N/A       9%          1
 Wereblood                Tmut           8%         N/A       12%         2
 Spider Form              Tmut/Pois      8%         N/A       24%         3


Dungeon Overview and Level Annotations

Branches:
Dungeon (1/1)

Altars:
Cheibriados
Dithmenos
Elyvilon
Fedhas
Gozag
Hepliaklqana
Kikubaaqudgha
Makhleb
Nemelex Xobeh
Okawaru
Qazlal
Ru
Sif Muna
Trog
Uskayaw
Vehumet
Wu Jian
Xom
Yredelemnul
Zin
The Shining One
Jiyva
Lugonu

Shops:
D ::!*(**=[=*?[(!

Annotations:
D exclusion: oklob plant


Innate Abilities, Weirdness & Mutations

You have sharp claws.
You have razor-sharp teeth.
You have supernaturally acute eyesight. (SInv)
You cover ground quickly. (Speed+)
You are covered in thick fur. (AC +2)
Your paws help you pounce on unaware monsters.
You are incapable of wielding weapons or throwing items.
You cannot wear armour.
You gain extra lives every three experience levels.


Message History

You now have 490 gold pieces (gained 15).
l - 2 scrolls labelled MUOPAI BUEJEQI (gained 1)
j - 4 red potions (gained 1)
You see here a +0 leather armour.
You see here 4 boomerangs of dispersal.
g - 4 scrolls labelled LUCISK RIUGOR (gained 1)
g - 5 scrolls labelled LUCISK RIUGOR (gained 1)
You see here a +0 leather armour.
l - 3 scrolls labelled MUOPAI BUEJEQI (gained 1)
You now have 497 gold pieces (gained 7).
You see here a +0 dagger.
g - 6 scrolls labelled LUCISK RIUGOR (gained 1)
n - a scroll labelled YLOHANG GAPEN
o - a metallic grey potion You see here a +0 quarterstaff.
You now have 503 gold pieces (gained 6).
You see here a +0 leather armour.
g - 7 scrolls labelled LUCISK RIUGOR (gained 1)
You now have 509 gold pieces (gained 6).
You now have 519 gold pieces (gained 10).
b - 2 potions of haste (gained 1)
You see here a +0 robe.
You now have 535 gold pieces (gained 16).
p - 2 silvery potions You see here a +0 spear.
You now have 548 gold pieces (gained 13).
q - a potion of curing You see here 4 stones.
The walls and floor vibrate strangely for a moment.
g - 8 scrolls labelled LUCISK RIUGOR (gained 1)
You now have 560 gold pieces (gained 12).
You see here a +0 mace.
You reach down and open the door.
There is an open door here.
The helpless kraken fails to defend itself.
You eviscerate the kraken!!!!!
The kraken is almost dead.
The kraken bites you!!!
Ouch! That really hurt!
You die...

#○÷#[°▓...)....▓▓
##.#[.▓.....[..▓▓
9°####▓[..([...▓▓
k°##)#▓..[.)..(▓▓
x°#..#▓.)..!)!.▓▓
°°#.†#▓)..[)??.▓▓
..##.#▓....![?)▓▓
#...##▓▓▓▓▓▓▓'▓▓▓▓+▓
~~~~~~~~~~~~~...@≈≈▓
~#'########+###.≈X≈▓
~#.._._._.#~~ ##≈≈≈▓
~#._._._..#~~≈ ####▓
~#_._._._.#§~~~
~#._._._._#~§S≈
~#.._._._.#§
§#..._._._#~
≈#...._._.#~


You could see a kraken.

Vanquished Creatures
  A deep elf master archer (D)
  2 hell hogs (D)
  A death drake (D)
  A merfolk siren (D)
  A yaktaur (D)
  3 polar bears (D)
  A hornet (D)
  Menkaure (D)
  2 swamp drakes (D)
  4 necrophages (D)
  4 scorpions (D)
  3 worms (D)
24 creatures vanquished.

Vanquished Creatures (others)
  An unseen horror (D)
  A water moccasin (D)
2 creatures vanquished.

Grand Total: 26 creatures vanquished

Notes
Turn   | Place    | Note
-------+----------+-------------------------------------------
     0 | D        | Groucho the Felid Enchanter began the quest for the Orb.
     0 | D        | Reached XP level 1. HP: 7/7 MP: 4/4
     3 | D        | Noticed a scorpion
     3 | D        | Noticed a scorpion
     3 | D        | Noticed a scorpion
     3 | D        | Noticed a scorpion
    12 | D        | Killed a scorpion
    13 | D        | Reached skill level 7 in Stealth
    13 | D        | Reached XP level 2. HP: 11/11 MP: 4/7
    13 | D        | Reached XP level 3. HP: 14/14 MP: 5/9
    15 | D        | Killed a scorpion
    16 | D        | Reached skill level 9 in Stealth
    16 | D        | Reached XP level 4. HP: 18/18 MP: 6/11
    16 | D        | Killed a scorpion
    17 | D        | Reached skill level 10 in Stealth
    17 | D        | Reached XP level 5. HP: 21/21 MP: 7/13
    22 | D        | Reached skill level 11 in Stealth
    22 | D        | Reached skill level 5 in Unarmed Combat
    22 | D        | Reached skill level 5 in Spellcasting
    40 | D        | Reached skill level 12 in Stealth
    40 | D        | Gained mutation: You are covered in thick fur. (AC +2)
                  | [Felid growth]
    40 | D        | Reached XP level 6. HP: 24/24 MP: 9/15
    44 | D        | Reached skill level 13 in Stealth
    44 | D        | Reached skill level 10 in Hexes
    53 | D        | Noticed a merfolk siren
    56 | D        | Killed a merfolk siren
    57 | D        | Reached skill level 15 in Stealth
    57 | D        | Reached XP level 7. HP: 27/27 MP: 10/18
    85 | D        | Found Faotasoe's Antique Weapon Emporium.
    85 | D        | Found Pafimodu's Antique Armour Shoppe.
    85 | D        | Found Wer Ozof's Jewellery Emporium.
    85 | D        | Found Tentucac's Assorted Antiques.
    85 | D        | Found Luluhoj's Assorted Antiques.
    85 | D        | Found Rovogif's General Store.
    86 | D        | Found Cinuuc's Weapon Shoppe.
    86 | D        | Found Jixuw's Assorted Antiques.
    86 | D        | Found Acohoxe's Antique Armour Shoppe.
    86 | D        | Found Utetu's Distillery.
    86 | D        | Found Xulaih's Jewellery Emporium.
    87 | D        | Found Tafipto's Distillery.
    87 | D        | Found Pajuipin's Book Emporium.
    87 | D        | Noticed a slime creature
    88 | D        | Found Ommecirr's Magic Scroll Shoppe.
    88 | D        | Noticed a slime creature
    89 | D        | Noticed Menkaure
    89 | D        | Noticed a slime creature
    89 | D        | Noticed an oklob plant
    96 | D        | Learned a level 2 spell: Ensorcelled Hibernation
   100 | D        | Learned a level 3 spell: Confusing Touch
   106 | D        | Killed Menkaure
   109 | D        | Found Fada's Book Shoppe.
   110 | D        | Noticed an iron elemental
   146 | D        | Bought the ring of Dishonesty {Fly Will+} for 361 gold
                  | pieces
   171 | D        | Bought a ring of poison resistance for 280 gold pieces
   208 | D        | Found a hazy altar of Hepliaklqana.
   208 | D        | Found a snail-covered altar of Cheibriados.
   209 | D        | Found a stormy altar of Qazlal.
   209 | D        | Found a viscous altar of Jiyva.
   209 | D        | Found a shadowy altar of Dithmenos.
   210 | D        | Found a sacrificial altar of Ru.
   210 | D        | Found an ancient bone altar of Kikubaaqudgha.
   210 | D        | Found a white marble altar of Elyvilon.
   211 | D        | Found an ornate altar of the Wu Jian Council.
   211 | D        | Found a shimmering blue altar of Sif Muna.
   211 | D        | Found a corrupted altar of Lugonu.
   212 | D        | Found a shimmering altar of Xom.
   212 | D        | Found a bloodstained altar of Trog.
   212 | D        | Found a burning altar of Makhleb.
   213 | D        | Found a glowing golden altar of the Shining One.
   213 | D        | Found a basalt altar of Yredelemnul.
   213 | D        | Found a hide-covered altar of Uskayaw.
   215 | D        | Found a glowing silver altar of Zin.
   215 | D        | Found a radiant altar of Vehumet.
   215 | D        | Found a blossoming altar of Fedhas.
   215 | D        | Found a sparkling altar of Nemelex Xobeh.
   216 | D        | Found an opulent altar of Gozag.
   216 | D        | Found an iron altar of Okawaru.
   247 | D        | Noticed a yaktaur
   247 | D        | Noticed a hornet
   247 | D        | Noticed a polar bear
   251 | D        | Became a worshipper of Dithmenos the Shadowed
   445 | D        | Noticed a polar bear
   445 | D        | Noticed a polar bear
   446 | D        | Killed a polar bear
   447 | D        | Reached skill level 16 in Stealth
   447 | D        | Reached XP level 8. HP: 31/31 MP: 18/20
   447 | D        | Killed a polar bear
   449 | D        | Killed a polar bear
   449 | D        | Reached * piety under Dithmenos
   450 | D        | Reached skill level 17 in Stealth
   450 | D        | Killed a hornet
   452 | D        | Killed a yaktaur
   453 | D        | Reached skill level 18 in Stealth
   453 | D        | Reached XP level 9. HP: 34/34 MP: 18/22
   457 | D        | Noticed a death drake
   464 | D        | Noticed a deep elf master archer
   469 | D        | Killed a deep elf master archer
   469 | D        | Reached ** piety under Dithmenos
   470 | D        | Reached skill level 19 in Stealth
   470 | D        | Reached skill level 10 in Unarmed Combat
   474 | D        | Noticed a hell hog
   474 | D        | Noticed a hell hog
   476 | D        | Killed a hell hog
   477 | D        | Reached skill level 20 in Stealth
   477 | D        | Reached skill level 15 in Hexes
   478 | D        | Killed a hell hog
   479 | D        | Reached skill level 10 in Spellcasting
   479 | D        | Reached XP level 10. HP: 37/37 MP: 22/25
   490 | D        | Noticed a fire dragon
   744 | D        | Noticed a death drake
   744 | D        | Noticed a crystal guardian
   746 | D        | Reached skill level 21 in Stealth
   747 | D        | Reached *** piety under Dithmenos
  1095 | D        | Killed a death drake
  1100 | D        | Mangled by an unseen horror
  1101 | D        | Reached XP level 9. HP: -9/34 MP: 23/24
  1101 | D        | Found the +4 moon troll leather armour {Spirit, Regen++
                  | MP+5}
  1102 | D        | Identified the ring "Wudethrupt" {MP+9 Int+2 Dex-5 SInv}
  1107 | D        | Identified the +1 helmet of Hysteria {Rampage}
  1107 | D        | Succumbed to poison (dark miasma)
  1108 | D        | Reached XP level 8. HP: -4/31 MP: 23/23
  1116 | D        | Killed an unseen horror
  1154 | D        | Noticed a kraken
  1209 | D        | Mangled by a kraken

Illustrated notes

Levels and vault maps discovered:
D:        the_violet_keep_of_menkaure [sprint2_stairs_cluster_1,
          sprint2_shoproom, sprint2_temple, sprint2_basic_supplies,
          sprint2_obstacle_6, sprint2_obstacle_2, sprint2_obstacle_3,
          sprint2_obstacle_7, sprint2_obstacle_5, sprint2_timed_cluster_1,
          sprint2_smallroom_cluster_1, sprint2_smallroom_final_cluster_1,
          sprint2_transparent_cluster_1, sprint2_second_timed_cluster_1,
          sprint2_sniper_area_1, sprint2_heavy_combat_area_1,
          sprint2_mutation_trap_area_1, sprint2_forest_area_1,
          sprint2_light_combat_area_1, sprint2_behind_water_1,
          sprint2_near_end_vault_1]

Skill      XL: |  1  2  3  4  5  6  7  8  9 10 |
---------------+-------------------------------+-----
Stealth        | 7 9 10 12 15 16 18 20 21 | 21.5
Unarmed Combat | 3 4 5 7 8 9 10 11 | 11.2
Spellcasting   | 3 4 5 7 8 10 | 10.5
Hexes          | 6 7 8 9 11 12 13 15 16 | 16.0
Dodging        | |  2.6

Action                   |  1- 3 |  4- 6 |  7- 9 | 10-12 || total
-------------------------+-------+-------+-------+-------++-------
Melee: Unarmed           |     8 |    13 |    18 |     3 ||    42
       Bite              |       |     1 |     1 |       ||     2
       Punch             |       |       |     2 |       ||     2
 Cast: Confusing Touch   |       |       |     1 |       ||     1
       Ensorcelled Hiber |       |       |       |     4 ||     4
  Use: Potion            |     2 |       |     2 |     1 ||     5
       Scroll            |       |       |       |     1 ||     1
 Stab: Invisible         |     3 |     1 |       |       ||     4
       Sleeping          |     1 |     8 |     9 |     3 ||    21
       Confused          |       |       |     1 |       ||     1
Armor: Skin              |       |       |       |     1 ||     1
Dodge: Dodged            |     8 |     4 |     2 |     6 ||    20
